 Dungeon Crawl Stone Soup version 0.28.0-53-g5a82cb258f (webtiles) character file.

Game seed: 16489159966310120948

3 Winth the Caller (level 1, 14/14 HPs)
             Began as a Hill Orc Summoner on June 11, 2022.
             Quit the game on level 1 of the Dungeon on June 13, 2022.
             The game lasted 00:01:46 (339 turns).

Winth the Caller (Hill Orc Summoner)                 Turns: 339, Time: 00:01:46

Health: 14/14      AC:  2    Str: 10    XL:     1   Next: 50%
Magic:  3/3        EV: 12    Int: 15    God:
Gold:   0          SH:  0    Dex: 11    Spells: 2/3 levels left

rFire   . . .      SeeInvis .   (no weapon)
rCold   . . .      Faith    .   (no shield)
rNeg    . . .      Spirit   .   a - +0 robe
rPois   .          Reflect  .   (no helmet)
rElec   .          Harm     .   (no cloak)
rCorr   .          Rampage  .   (no gloves)
Will    .....                   (no boots)
Stlth   ++........              (no amulet)
HPRegen 0.04/turn               (no ring)
MPRegen 0.08/turn               (no ring)

@: no status effects
A: no striking features
a: no special abilities


You were on level 1 of the Dungeon.
You visited 1 branch of the dungeon, and saw 1 of its levels.

Inventory:

Armour
 a - a +0 robe (worn)
Potions
 b - 2 potions of curing {unknown}


   Skills:
 - Level 1.5 Dodging
 - Level 1.5 Stealth
 - Level 1.5 Spellcasting
 + Level 4.2 Summonings


You had 2 spell levels left.
You knew the following spells:

 Your Spells              Type           Power      Damage    Failure   Level
a - Summon Small Mammal   Summ           52%        N/A       4%          1

Your spell library contained the following spells:

 Spells                   Type           Power      Damage    Failure   Level
 Call Imp                 Summ           13%        N/A       6%          2
 Call Canine Familiar     Summ           13%        N/A       12%         3
 Summon Guardian Golem    Hex/Summ       7%         N/A       30%         3
 Summon Lightning Spire   Summ/Air       7%         N/A       69%         4


Dungeon Overview and Level Annotations

Branches:
Dungeon (1/15)

Altars:

Shops:
D:1 =


Message History

The quokka is severely wounded.
The quokka closely misses you.
Your quokka closely misses the quokka.
You miss the quokka.
The quokka is severely wounded.
The quokka bites you.
Your quokka misses the quokka. You hit the quokka.
The quokka is almost dead.
The quokka closely misses you.
Your quokka bites the quokka.
The quokka dies!
Your quokka disappears in a puff of smoke!
HP restored.
As you open the door, it creaks loudly!
Found 2 fizzy red potions.
There is an open door here.
b - 2 fizzy red potions A frilled lizard comes into view.
Found a faded altar of an unknown god.
Casting: Summon Small Mammal (safe; 4% risk of failure)
Confirm with . or Enter, or press ? or * to list all spells.
A frilled lizard is nearby!
Casting: Summon Small Mammal (safe; 4% risk of failure)
Confirm with . or Enter, or press ? or * to list all spells.
The frilled lizard barely misses your rat.
Your rat barely misses the frilled lizard.
Your bat hits the frilled lizard. The frilled lizard bites your rat.
Your rat completely misses the frilled lizard.
Your bat barely misses the frilled lizard.
The frilled lizard barely misses your rat.
Your bat completely misses the frilled lizard.
Your rat bites the frilled lizard.
The frilled lizard dies!
Okay, then.
You swap places.
Your rat disappears in a puff of smoke!
Found a mace.
There is a faded altar of an unknown god here.
Saving game... please wait.
Welcome back, Winth the Hill Orc Summoner.
Press ? for a list of commands and other information.
Are you sure you want to abandon this character and quit the game? (Confirm with "yes".)

#####.........#
#................
#....##.......#..
#.....##......#..
#...†..##..#.##
###.#...##.#..#
#.##...####.# #.
##.b.....# #.
#^@.....# #.
#.......#
#...###### #...##
....## #)..# #..#
###


You could see a friendly bat (summoned).

Vanquished Creatures (collateral kills)
  A goblin (D:1)
  A quokka (D:1)
  A frilled lizard (D:1)
3 creatures vanquished.

Notes
Turn   | Place    | Note
-------+----------+-------------------------------------------
     0 | D:1      | Winth the Hill Orc Summoner began the quest for the Orb.
     0 | D:1      | Reached XP level 1. HP: 14/14 MP: 3/3
    18 | D:1      | Found Wyomapp's Jewellery Shoppe.
   304 | D:1      | Found a faded altar of an unknown god.
   339 | D:1      | Quit the game

Illustrated notes

Levels and vault maps discovered:
D:1:      beargit_arrival_greenhouse, layout_basic, serial_shops,
          nicolae_shop_statue_plus, hellmonk_ecumenical_altar_crossroads,
          minmay_pentomino_x4

Action                   || total
-------------------------++-------
Melee: Unarmed           ||    11
 Cast: Summon Small Mamm ||     9
Armor: Robe              ||     1
Dodge: Dodged            ||    10
